 Dungeon Crawl Stone Soup version 0.17-a0-1078-g243345b (webtiles) character file.

693 Cryogen the Chopper (level 7, 0/66 HPs)
             Began as a Hill Orc Berserker on May 18, 2015.
             Was a Priest of Trog.
             Succumbed to a water moccasin's poison
             ... on level 4 of the Dungeon.
             The game lasted 00:21:03 (3529 turns).

Cryogen the Chopper (Hill Orc Berserker)            Turns: 3529, Time: 00:21:03

Health: 0/66       AC:  9    Str: 22    XL:     7   Next: 64%
Magic:  7/7        EV: 10    Int:  7    God:    Trog [***...]
Gold:   147        SH:  0    Dex: 10    Spells: 0 memorised, 6 levels left

rFire  . . .     SeeInvis .     a - +0 hand axe
rCold  . . .     Clarity  .     b - +0 scale mail
rNeg   . . .     SustAb   .     (no shield)
rPois  .         Gourm    .     z - +0 helmet
rElec  .         Spirit   .     (no cloak)
rCorr  .         Warding  .     (no gloves)
rMut   .         Stasis   .     v - +0 pair of boots
MR     ++...                    (no amulet)
Stlth  ..........               (no ring)
                                (no ring)

@: lethally poisoned (0 -> -16), regenerating, very resistant to hostile
enchantments, extremely unstealthy
A: no striking features
a: Burn Spellbooks, Berserk, Trog's Hand, Renounce Religion


You were on level 4 of the Dungeon.
You worshipped Trog.
Trog was most pleased with you.
You were not hungry.

You visited 1 branch of the dungeon, and saw 4 of its levels.

You collected 147 gold pieces.

Inventory:

Hand weapons
 a - a +0 hand axe (weapon)
 k - a +0 hunting sling
Armour
 b - a +0 scale mail (worn)
 e - a +0 ring mail
 v - a +0 pair of boots (worn)
 y - a +0 animal skin
 z - a +0 helmet (worn)
Jewellery
 l - an uncursed ring of protection from magic
 m - a cursed ring of loudness {unknown}
 s - an uncursed ring of poison resistance {unknown}
 x - an uncursed ring of poison resistance {unknown}
Magical devices
 q - a wand of enslavement (5)
 r - a wand of confusion (15)
Scrolls
 h - 2 scrolls of remove curse
 n - a scroll of random uselessness {unknown}
 B - a scroll of noise {unknown}
Potions
 d - 2 potions of haste {unknown}
 f - 2 potions of heal wounds {unknown}
 g - 3 potions of curing {unknown}
 j - a potion of cancellation {unknown}
 o - a potion of mutation {unknown}
 p - a potion of agility {unknown}
 t - a potion of invisibility {unknown}
 w - a potion of poison {unknown}
Comestibles
 c - a bread ration
 i - a slice of pizza
 u - a fruit
 A - a beef jerky


   Skills:
 * Level 7.3 Fighting
 * Level 7.5 Axes
 + Level 4.5 Armour
 - Level 1.5 Dodging


You had 6 spell levels left.
You didn't know any spells.

Dungeon Overview and Level Annotations

Branches:
Dungeon (4/15)
 Temple: D:4-7

Altars:
Ashenzari
Qazlal
The Shining One

Annotations:
D:4 1 runed door


Message History

You are more poisoned.
The water moccasin poisons you!
Use which ability? (? or * to list)
Your skin crawls.
You feel resistant to hostile enchantments.
You feel slightly more hungry.
* * * LOW HITPOINT WARNING * * *
You feel very sick. The water moccasin closely misses you.
You hit the water moccasin.
The water moccasin is almost dead.
* * * LOW HITPOINT WARNING * * *
You feel very sick. The water moccasin bites you!
* * * LOW HITPOINT WARNING * * *
The water moccasin bites you but does no damage.
You hit the water moccasin.
You kill the water moccasin!
Trog accepts your kill.
You die...

#...<.<...##
..............#
.....<........#
##......#####...#
##.......# ##..##
########.........
##..#
##...##...........
#.##
##.....>...........
#.#
##..###....)@......#
#.# ##..##
##......##..## #.#
###..## #...####
#.## #...## #..##
#†.# #..## #..# #..#
#..## #..# ##..
##..# #..### ##.
##.## #....### #.
#..# ##....... ##


There were no monsters in sight!

Vanquished Creatures
  The ghost of Reiza the Skirmisher, an average OgBe of Trog (D:3)
  A water moccasin (D:4)
  An ogre (D:4)
  2 orc priests (D:3)
  A crimson imp (D:2)
  An orc wizard (D:4)
  A hound (D:4)
  Natasha (thrice) (D:2)
  Robin (D:3)
  4 adders
  A gnoll (D:1)
  2 shadow imps (D:2)
  An ooze (D:1)
  4 worms
  4 giant geckos
  15 orcs
  4 giant cockroaches
  11 goblins
  12 hobgoblins
  9 jackals
  A quokka (D:3)
  7 bats
  4 giant newts
  7 kobolds
  A quokka skeleton (D:4)
  6 rats
105 creatures vanquished.

Notes
Turn   | Place    | Note
--------------------------------------------------------------
     0 | D:1      | Cryogen the Hill Orc Berserker began the quest for the Orb.
     0 | D:1      | Reached XP level 1. HP: 19/19 MP: 1/1
   188 | D:1      | Reached XP level 2. HP: 21/27 MP: 2/2
   366 | D:1      | Reached XP level 3. HP: 34/34 MP: 3/3
   596 | D:1      | Acquired Trog's second power
   798 | D:2      | Noticed Natasha
   806 | D:2      | Killed Natasha
   806 | D:2      | Reached skill level 5 in Axes
   806 | D:2      | Reached XP level 4. HP: 41/41 MP: 4/4
  1123 | D:2      | Reached skill level 5 in Fighting
  1264 | D:2      | Noticed Natasha
  1279 | D:2      | Killed Natasha
  1366 | D:2      | Found a shattered altar of Ashenzari.
  1428 | D:2      | Noticed Natasha
  1454 | D:2      | Killed Natasha
  1883 | D:3      | Reached XP level 5. HP: 40/48 MP: 5/5
  1930 | D:3      | Found a stormy altar of Qazlal.
  2004 | D:3      | Noticed Reiza's ghost (average OgBe)
  2017 | D:3      | Killed Reiza's ghost
  2017 | D:3      | Reached skill level 6 in Fighting
  2017 | D:3      | Reached XP level 6. HP: 51/57 MP: 6/6
  2648 | D:3      | Noticed Robin
  2657 | D:3      | Killed Robin
  3202 | D:4      | Found a glowing golden altar of the Shining One.
  3202 | D:4      | Noticed an angel
  3203 | D:4      | Found a runed door.
  3216 | D:4      | Reached skill level 7 in Axes
  3216 | D:4      | Reached XP level 7. HP: 49/64 MP: 7/7
  3513 | D:4      | Noticed a water moccasin
  3528 | D:4      | HP: 2/66 [water moccasin (8)]
  3529 | D:4      | Killed a water moccasin
  3529 | D:4      | Succumbed to a water moccasin's poison

Vault maps used:
D:1:      eino_arrival_tree_alley
D:2:      evilmike_ruin_ashenzari, uniq_natasha
D:3:      nicolae_qazlal_eye_of_the_storm, uniq_robin
D:4:      first_bread, lemuel_angel_altar, uniq_edmund, uniq_duvessa

Action                   |  1- 3 |  4- 6 |  7- 9 || total
-------------------------+-------+-------+-------++-------
Melee: Hand axe          |    70 |   277 |    53 ||   400
Invok: Berserk           |     2 |     5 |     1 ||     8
       Trog's Hand       |       |     3 |     1 ||     4
  Use: Scroll            |       |     3 |       ||     3
  Eat: Meat ration       |     1 |     1 |       ||     2
       Bread ration      |       |     1 |       ||     1
       Royal jelly       |       |     1 |       ||     1
       Fruit             |       |       |     1 ||     1
